 Dungeon Crawl Stone Soup version 0.28-a0-1506-g3893175d92 (webtiles) character file.

Game seed: 8996647917709019702

179 HallandMoats the Vandal (level 5, 0/46 HPs)
             Began as a Ghoul Hunter on Jan 14, 2022.
             Was a Believer of Jiyva.
             Slain by a gnoll (3 damage)
             ... on level 2 of the Dungeon.
             The game lasted 00:02:34 (1238 turns).

HallandMoats the Vandal (Ghoul Hunter)              Turns: 1238, Time: 00:02:34

Health: 0/46       AC:  3    Str: 16    XL:     5   Next: 59%
Magic:  4/4        EV: 11    Int:  8    God:    Jiyva [**....]
Gold:   44         SH:  0    Dex:  9    Spells: 4/4 levels left

rFire   . . .      SeeInvis .   a - +1 hunting sling
rCold   + . .      Faith    .   (no shield)
rNeg    + + +      Spirit   .   c - +0 leather armour
rPois   ∞          Reflect  .   (no helmet)
rElec   .          Harm     .   (no cloak)
rCorr   +          Rampage  .   (no gloves)
Will    .....                   (no boots)
Stlth   +.........              (no amulet)
HPRegen 0.96/turn               (no ring)
MPRegen 0.39/turn               (no ring)

@: inhibited regen
A: claws 1, cold resistance 1, negative energy resistance 3, inhibited
regeneration, torment resistance 2
a: Renounce Religion


You were on level 2 of the Dungeon.
You worshipped Jiyva.
Jiyva was pleased with you.
You visited 1 branch of the dungeon, and saw 3 of its levels.

You collected 44 gold pieces.

Inventory:

Hand Weapons
 a - a +1 hunting sling (weapon)
 b - a +0 short sword
Missiles
 f - 21 stones (quivered ammo)
Armour
 c - a +0 leather armour (worn)
Jewellery
 d - a ring of positive energy
Scrolls
 g - 2 scrolls of identify {unknown}


   Skills:
 * Level 3.9 Fighting
 * Level 4.6 Slings
 + Level 1.6 Armour
 + Level 2.5 Dodging
 - Level 1.1 Stealth


You had 4 spell levels left.
You didn't know any spells.
Your spell library was empty.

Dungeon Overview and Level Annotations

Branches:
Dungeon (3/15)

Altars:
Trog
Jiyva


Innate Abilities, Weirdness & Mutations

You thrive by killing the living.
You are immune to poison.
You have sharp fingernails.
Your flesh is cold resistant. (rC+)
You are immune to negative energy. (rN+++)
You do not regenerate when monsters are visible.
You are immune to unholy pain and torment.


Message History

Fire: 27 stones
Press: ? - help, Q - select action Shift-Dir - straight line, f/p - gnoll
Aim: a gnoll, wielding a +0 club (heavily wounded, 63% to hit)
You shoot a stone. The stone barely misses the gnoll.
The gnoll closely misses you. The gnoll barely misses you.
Fire: 26 stones
Press: ? - help, Q - select action Shift-Dir - straight line, f/p - gnoll
Aim: a gnoll, wielding a +0 club (heavily wounded, 63% to hit)
You shoot a stone. The stone barely misses the gnoll.
The gnoll hits you with a +0 club.
Fire: 25 stones
Press: ? - help, Q - select action Shift-Dir - straight line, f/p - gnoll
Aim: a gnoll, wielding a +0 club (heavily wounded, 63% to hit)
You shoot a stone. The stone hits the gnoll.
The gnoll is almost dead.
The gnoll hits you with a +0 club!
* * * LOW HITPOINT WARNING * * *
The gnoll hits you with a +0 club.
* * * LOW HITPOINT WARNING * * *
Fire: 24 stones
Press: ? - help, Q - select action Shift-Dir - straight line, f/p - gnoll
Aim: a gnoll, wielding a +0 club (almost dead, 63% to hit)
You shoot a stone.
The stone hits the gnoll but does no damage.
The gnoll is almost dead.
The gnoll hits you with a +0 club.
* * * LOW HITPOINT WARNING * * *
The gnoll hits you with a +0 club.
* * * LOW HITPOINT WARNING * * *
Fire: 23 stones
Press: ? - help, Q - select action Shift-Dir - straight line, f/p - gnoll
Aim: a gnoll, wielding a +0 club (almost dead, 63% to hit)
You shoot a stone. The stone hits the gnoll.
You kill the gnoll!
Fire: 22 stones
Press: ? - help, Q - select action Shift-Dir - straight line, f - gnoll
Aim: a gnoll, wielding a +0 club (moderately wounded, 63% to hit)
You shoot a stone. The stone barely misses the gnoll.
The gnoll hits you with a +0 club.
You die...

§§≈§≈§§.§§§§§≈§§≈#.#
§≈§§§§≈..≈≈§≈§≈§≈#.#
≈≈≈≈§≈≈.§≈§≈≈≈≈≈##.#
#≈≈≈≈≈§§§§§≈≈≈≈##..##
##≈≈§≈§..§§≈≈≈##...(#
##§§§§§.§§§≈##(....#
##.#...## #.gg....#
#.@#....# #..#g...#
#..#..g.##########
#..###..........(#
#..###.....(.....##
#...........(......
+..###########(.!...
##.# #((.... #.#
#......


You could see 2 gnolls.

Vanquished Creatures
  A scorpion (D:2)
  5 gnolls (D:2)
  An adder (D:2)
  2 worms (D:1)
  2 dart slugs
  6 ball pythons
  4 endoplasms (D:1)
  4 giant cockroaches (D:1)
  6 hobgoblins
  2 jackals (D:1)
  4 kobolds
  A quokka (D:2)
  3 bats
  3 goblins (D:1)
  7 rats (D:1)
51 creatures vanquished.

Vanquished Creatures (others)
  3 endoplasms (D:1)
  A giant cockroach (D:1)
  A goblin (D:1)
  A hobgoblin (D:2)
  A jackal (D:1)
  A ball python (D:2)
  3 rats
11 creatures vanquished.

Grand Total: 62 creatures vanquished

Notes
Turn   | Place    | Note
-------+----------+-------------------------------------------
     0 | D:1      | HallandMoats the Ghoul Hunter began the quest for the Orb.
     0 | D:1      | Reached XP level 1. HP: 17/17 MP: 0/0
     1 | D:1      | Found a runed translucent door.
   146 | D:1      | Reached XP level 2. HP: 25/25 MP: 1/1
   226 | D:1      | Found a faded altar of an unknown god.
   284 | D:1      | Prayed at the altar of an unknown god.
   284 | D:1      | Became a worshipper of Jiyva Jyokac the Shapeless
   284 | D:1      | Reached * piety under Jiyva
   457 | D:1      | Reached XP level 3. HP: 30/30 MP: 2/2
   777 | D:1      | Reached skill level 4 in Slings
   804 | D:1      | Reached skill level 1 in Armour
   842 | D:2      | Noticed a scorpion
   845 | D:2      | Reached XP level 4. HP: 38/38 MP: 3/3
   871 | D:2      | Killed a scorpion
   872 | D:2      | Reached XP level 5. HP: 20/46 MP: 4/4
   971 | D:2      | Found a bloodstained altar of Trog.
  1168 | D:2      | Reached ** piety under Jiyva
  1236 | D:2      | HP: 1/46 [gnoll (5)]
  1238 | D:2      | Slain by a gnoll

Illustrated notes

Levels and vault maps discovered:
D:1:      dpeg_arrival_caged_fury, layout_basic, basic_ecumenical_altar,
          minmay_cupped
D:2:      kennysheep_big_flooded_room, layout_basic, basic_altar,
          hangedman_decor_clover_reticule, uniq_crazy_yiuf_cottage, uniq_natasha
D:3:      layout_rooms, minmay_rat_hole

Skill      XL: |  1  2  3 |
---------------+----------+-----
Dodging        | 2 |  2.5
Slings         | 4 |  4.6
Fighting       | 3 |  3.9
Armour         | 1 |  1.6
Stealth        | |  1.1

Action                   |  1- 3 |  4- 6 || total
-------------------------+-------+-------++-------
Melee: Short sword       |     3 |    18 ||    21
 Fire: Hunting sling     |    85 |    55 ||   140
  Use: Potion            |       |     1 ||     1
Armor: Leather armour    |     3 |    12 ||    15
Dodge: Dodged            |    10 |    39 ||    49

Table legend: (Time is in decaauts)
 A = Elapsed time spent in this place.
 B = Non-inter-level travel time spent in this place.
 C = Inter-level travel time spent in this place.
 D = Time resting spent in this place.
 E = Time spent auto-exploring this place.
 F = Levels seen in this place.
 G = Mean time per level.
                   A        B        C        D        E       F      G
               +--------+--------+--------+--------+--------+-----+--------+
         Total |   1237 |   1178 |     59 |      0 |    789 |   3 |  412.3 |
       Dungeon |   1237 |   1178 |     59 |      0 |    789 |   3 |  412.3 |
               +--------+--------+--------+--------+--------+-----+--------+

Top non-repeatable levels by time:
     D:1: 836 daAuts
     D:2: 385 daAuts
     D:3: 14 daAuts
